 Dungeon Crawl Stone Soup version 0.21.1-72-gffa868e (webtiles) character file.

17704 Madoushi the Basher (level 12, -52/108 HPs)
             Began as a Minotaur Berserker on Aug 2, 2018.
             Was a High Priest of Trog.
             Annihilated by a titanic slime creature (90 damage)
             ... on level 12 of the Dungeon on Aug 3, 2018.
             The game lasted 01:03:10 (16750 turns).

Madoushi the Basher (Minotaur Berserker)           Turns: 16750, Time: 01:03:40

Health: -52/108    AC: 20    Str: 27    XL:     12   Next: 21%
Magic:  11/11      EV: 13    Int:  4    God:    Trog [*****.]
Gold:   708        SH:  0    Dex: 14    Spells: 11/11 levels left

rFire    . . .     SeeInvis +   a - +4 trident (freeze)
rCold    . . .     Gourm    .   (no shield)
rNeg     + . .     Faith    .   X - +4 chain mail
rPois    +         Spirit   .   T - +1 hat
rElec    .         Reflect  .   l - +0 cloak
rCorr    .         Harm     .   H - +0 pair of gloves
MR       .....                  y - +0 pair of boots
Stlth    ..........             (no amulet)
HPRegen  0.28/turn              p - ring of see invisible
MPRegen  0.12/turn              Y - ring of Kuoragow {rPois rN+ Dex+4}

@: no status effects
A: retaliatory headbutt, horns 2
a: Berserk, Trog's Hand, Brothers in Arms, Burn Spellbooks, Renounce Religion


You were on level 12 of the Dungeon.
You worshipped Trog.
Trog was extremely pleased with you.
You were not hungry.

You visited 1 branch of the dungeon, and saw 12 of its levels.

You collected 708 gold pieces.

Inventory:

Hand Weapons
 a - a +4 trident of freezing (weapon)
 k - the +3 quarterstaff of Hubris {drain, Str+4, unknown}
   (You found it on level 9 of the Dungeon)

   A truly terrible weapon, it drains the life of those it strikes.
   It affects your strength (+4).
 q - a +5 antimagic spear
 v - a +2 scimitar of holy wrath
 A - the +4 longbow "Gujuno" {flame, rN+ Int+3 Dex+3}
   (Trog gifted it to you on level 11 of the Dungeon)

   It causes projectiles fired from it to burn those they strike, causing extra
   injury to most foes and up to half again as much damage against particularly
   susceptible opponents.
   It affects your intelligence (+3).
   It affects your dexterity (+3).
   It protects you from negative energy.
 I - a +3 long sword
 K - a +0 hunting sling
 P - a +2 glaive of chopping
Missiles
 x - 8 javelins (quivered)
 B - 104 arrows
 S - 7 steel javelins
Armour
 l - a +0 cloak (worn)
 o - a +1 scale mail of fire resistance
 r - a +0 ring mail of cold resistance
 u - a +2 ring mail of poison resistance
 y - a +0 pair of boots (worn)
 H - a +0 pair of gloves (worn)
 T - a +1 hat (worn)
 X - a +4 chain mail (worn)
Jewellery
 p - a ring of see invisible (left hand)
 Y - the ring of Kuoragow (right hand) {rPois rN+ Dex+4}
   (You took it off a kobold on level 11 of the Dungeon)

   [ring of positive energy]

   It affects your dexterity (+4).
   It protects you from poison.
   It protects you from negative energy.
Wands
 b - a wand of iceblast (17)
 F - a wand of disintegration (11)
 Q - a wand of polymorph (12)
 Z - a wand of enslavement (9)
Scrolls
 d - a scroll of noise {unknown}
 e - 4 scrolls of identify
 g - a scroll of fog
 j - 2 scrolls of teleportation
 t - a scroll of vulnerability {unknown}
 G - 3 scrolls of remove curse
 J - a scroll of magic mapping
 O - 3 scrolls of enchant weapon {unknown}
Potions
 f - 2 potions of haste
 h - a potion of might
 i - 2 potions of resistance {unknown}
 m - a potion of lignification
 n - a potion of magic
 s - a potion of berserk rage {unknown}
 w - 4 potions of flight
 C - 2 potions of brilliance {unknown}
 E - a potion of agility
 L - 4 potions of degeneration
 N - 4 potions of heal wounds
Comestibles
 c - 7 rations


   Skills:
 + Level 10.7 Fighting
   Level 3.9 Short Blades
   Level 5.4(11.2) Axes
   Level 11.9(12.3) Maces & Flails
 + Level 9.9(10.4) Polearms
 + Level 3.9 Bows
 + Level 9.4 Armour
 + Level 8.7 Dodging
 + Level 2.7 Stealth


You had 11 spell levels left.
You didn't know any spells.

Dungeon Overview and Level Annotations

Branches:
Dungeon (12/15)            Temple (0/1) D:5            Lair (0/6) D:11
    Orc (0/2) D:9

Altars:
Ashenzari
Makhleb
Okawaru
Trog
Wu Jian
Beogh

Shops:
D:6 *


Innate Abilities, Weirdness & Mutations

You reflexively headbutt those who attack you in melee.
You have a pair of horns on your head.


Message History

You headbutt the titanic slime creature, but do no damage.
The titanic slime creature is lightly wounded.
You hit the titanic slime creature. You freeze the titanic slime creature.
You headbutt the titanic slime creature.
The titanic slime creature is lightly wounded.
You hit the titanic slime creature. You freeze the titanic slime creature.
You headbutt the titanic slime creature!
The titanic slime creature is moderately wounded.
The titanic slime creature hits you!!!
Ouch! That really hurt!
Your chain mail prevents you from hitting the titanic slime creature.
You headbutt the titanic slime creature.
The titanic slime creature is moderately wounded.
You puncture the titanic slime creature!
You freeze the titanic slime creature.
You headbutt the titanic slime creature, but do no damage.
The titanic slime creature is moderately wounded.
The titanic slime creature hits you!!!!
Ouch! That really hurt!
You die...

............#
##............#
..............######
...................#
...................#
...................#
................J..#
...........#####J###
########... #@#
.......#...# #.#
.......#...# #.#
.......#...# #.#
.......#...#####.#
.......#.........#
########.........#
.................#
..........)......#


You could see a titanic slime creature and a slime creature.

Vanquished Creatures
  Gastronok (D:8)
  Harold (D:11)
  3 two-headed ogres
  A tengu warrior (D:9)
  Urug (D:11)
  2 unseen horrors (D:10)
  A cyclops (D:12)
  A manticore (D:11)
  A centaur zombie (D:9)
  Joseph (D:7)
  Psyche (D:8)
  A merfolk (D:12)
  A hornet (D:11)
  A hippogriff (D:12)
  A wraith (D:11)
  6 yaks (D:10)
  Grum (D:8)
  A wyvern (D:8)
  3 hungry ghosts
  Menkaure (D:7)
  4 water moccasins
  3 porcupines (D:11)
  An orc warrior (D:12)
  An ice beast (D:9)
  A phantom (D:9)
  3 black bears
  8 sky beasts
  3 wolves (D:8)
  7 centaurs
  An eye of draining (D:12)
  7 ogres
  A crocodile (D:11)
  4 bullfrogs
  2 big kobolds
  5 scorpions
  A water moccasin skeleton (D:9)
  14 wights
  A howler monkey (D:9)
  An electric eel (D:9)
  2 crimson imps
  5 bullfrog zombies
  5 hounds
  3 jellies
  5 bullfrog skeletons
  15 orc priests
  An iguana (D:10)
  15 orc wizards
  17 worker ants
  A hound skeleton (D:11)
  A worker ant zombie (D:5)
  Robin (D:4)
  14 adders
  10 gnolls
  3 shadow imps
  An adder zombie (D:7)
  An adder skeleton (D:7)
  2 worms
  10 leopard geckos
  48 orcs
  A ball python (D:3)
  5 giant cockroaches
  17 goblins
  4 hobgoblins
  4 jackals (D:3)
  16 kobolds
  6 quokkas
  7 bats
  3 frilled lizards
  9 rats
330 creatures vanquished.

Vanquished Creatures (others)
  An orc wizard (D:6)
  24 fungi (D:11)
  5 plants (D:11)
30 creatures vanquished.

Grand Total: 360 creatures vanquished

Notes
Turn   | Place    | Note
-------+----------+-------------------------------------------
     0 | D:1      | Madoushi the Minotaur Berserker began the quest for the Orb.
     0 | D:1      | Reached XP level 1. HP: 19/19 MP: 0/0
   191 | D:1      | Reached XP level 2. HP: 23/27 MP: 1/1
  1903 | D:3      | Reached XP level 3. HP: 33/33 MP: 2/2
  1954 | D:3      | Reached ** piety under Trog
  2347 | D:3      | Reached XP level 4. HP: 36/41 MP: 3/3
  3012 | D:3      | Reached skill level 5 in Axes
  3216 | D:3      | Reached XP level 5. HP: 23/47 MP: 4/4
  3589 | D:3      | Reached skill level 1 in Short Blades
  4108 | D:4      | Reached XP level 6. HP: 53/53 MP: 5/5
  4623 | D:4      | Noticed Robin
  4653 | D:4      | Killed Robin
  4664 | D:4      | Reached *** piety under Trog
  4970 | D:4      | Reached skill level 5 in Fighting
  5118 | D:5      | Entered Level 5 of the Dungeon
  5130 | D:5      | Found a staircase to the Ecumenical Temple.
  5252 | D:5      | Reached skill level 5 in Armour
  5252 | D:5      | Reached XP level 7. HP: 61/61 MP: 6/6
  5305 | D:5      | Found an ornate altar of the Wu Jian Council.
  5328 | D:5      | Reached skill level 1 in Maces & Flails
  5345 | D:5      | Reached skill level 2 in Maces & Flails
  5426 | D:5      | Found a bloodstained altar of Trog.
  5608 | D:6      | Noticed a hungry ghost
  5618 | D:6      | Reached skill level 3 in Maces & Flails
  5641 | D:6      | Killed a hungry ghost
  5641 | D:6      | Reached skill level 4 in Maces & Flails
  5641 | D:6      | Reached XP level 8. HP: 53/70 MP: 7/7
  5764 | D:6      | Reached **** piety under Trog
  5805 | D:6      | Reached skill level 5 in Maces & Flails
  6079 | D:6      | Found Xeomp's Serpentskin Sales.
  6090 | D:6      | Reached skill level 6 in Maces & Flails
  6090 | D:6      | Reached skill level 5 in Dodging
  6136 | D:6      | Reached skill level 7 in Maces & Flails
  6891 | D:7      | Reached skill level 8 in Maces & Flails
  6892 | D:7      | Reached skill level 1 in Stealth
  6892 | D:7      | Reached XP level 9. HP: 78/78 MP: 8/8
  6935 | D:7      | Found an iron altar of Okawaru.
  7184 | D:7      | Noticed Menkaure
  7201 | D:7      | Killed Menkaure
  7389 | D:7      | Noticed Joseph
  7400 | D:7      | Killed Joseph
  7581 | D:7      | Reached skill level 9 in Maces & Flails
  8113 | D:8      | Noticed Grum
  8127 | D:8      | Killed Grum
  8127 | D:8      | Reached skill level 10 in Maces & Flails
  8376 | D:8      | Noticed a two-headed ogre
  8387 | D:8      | Killed a two-headed ogre
  8387 | D:8      | Reached XP level 10. HP: 26/86 MP: 9/9
  8721 | D:8      | Noticed Psyche
  8730 | D:8      | Killed Psyche
  8730 | D:8      | Reached skill level 11 in Maces & Flails
  8831 | D:8      | Noticed Gastronok
  9079 | D:8      | Killed Gastronok
  9104 | D:7      | Upgraded the game from 0.21.1-68-g103a7af to 0.21.1-72-gffa868e
  9253 | D:8      | Found a burning altar of Makhleb.
  9928 | D:9      | Reached skill level 1 in Polearms
 10110 | D:9      | Got a fine quarterstaff
 10194 | D:9      | Found a staircase to the Orcish Mines.
 10227 | D:9      | Found a roughly hewn altar of Beogh.
 10700 | D:9      | Reached ***** piety under Trog
 10988 | D:10     | Entered Level 10 of the Dungeon
 11002 | D:10     | Reached XP level 11. HP: 45/95 MP: 10/10
 11221 | D:10     | Noticed a tengu warrior
 11230 | D:10     | Noticed Harold
 11629 | D:9      | Killed a tengu warrior
 11629 | D:9      | Reached skill level 5 in Polearms
 11912 | D:10     | Noticed an unseen horror
 11919 | D:10     | Noticed an unseen horror
 11919 | D:10     | Killed an unseen horror
 11922 | D:10     | Killed an unseen horror
 12987 | D:11     | Noticed Urug
 13446 | D:11     | Received a gift from Trog
 13450 | D:11     | Got a polished longbow {god gift}
 13726 | D:11     | Identified the +4 longbow "Gujuno" {flame, rN+ Int+3 Dex+3} (Trog gifted it to you on level 11 of the Dungeon)
 13872 | D:11     | Paralysed by a hornet for 3 turns
 13880 | D:11     | Reached skill level 1 in Bows
 13916 | D:11     | Noticed a two-headed ogre
 13937 | D:11     | Killed a two-headed ogre
 13937 | D:11     | Reached skill level 10 in Fighting
 13997 | D:11     | Killed Urug
 14322 | D:11     | Noticed a two-headed ogre
 14332 | D:11     | Killed a two-headed ogre
 14448 | D:11     | Found a staircase to the Lair.
 14554 | D:11     | Killed Harold
 14554 | D:11     | Reached XP level 12. HP: 34/107 MP: 11/11
 14837 | D:11     | Got a bound wooden ring
 15491 | D:12     | Found a shattered altar of Ashenzari.
 15757 | D:12     | Identified the ring of Kuoragow {rPois rN+ Dex+4} (You took it off a kobold on level 11 of the Dungeon)
 15960 | D:12     | Received a gift from Trog
 16750 | D:12     | Annihilated by a titanic slime creature

Skill      XL: |  1  2  3  4  5  6  7  8  9 10 11 |
---------------+----------------------------------+-----
Axes           | 4 5 |  5.4
Fighting       | 4 5 6 7 8 10 | 10.7
Armour         | 3 5 6 8 9 |  9.4
Dodging        | 3 4 5 6 7 8 |  8.7
Short Blades   | 1 2 3 |  3.9
Maces & Flails | 4 8 10 11 | 11.9
Stealth        | 1 2 |  2.7
Polearms       | 4 9 |  9.9
Bows           | 3 |  3.9

Action                   |  1- 3 |  4- 6 |  7- 9 | 10-12 || total
-------------------------+-------+-------+-------+-------++-------
Melee: Hand axe          |    88 |    41 |       |       ||   129
       Headbutt          |    12 |    26 |    48 |   117 ||   203
       Short sword       |       |   137 |       |       ||   137
       Flail             |       |     5 |   256 |    66 ||   327
       Trident           |       |       |       |   465 ||   465
 Fire: Longbow           |       |       |       |    27 ||    27
Invok: Burn Spellbooks   |       |       |     1 |     1 ||     2
  Use: Scroll            |     3 |     3 |     4 |    14 ||    24
       Potion            |       |       |     3 |     2 ||     5
  Eat: Chunk             |     1 |     9 |     8 |     9 ||    27
       Ration            |     1 |       |     2 |     6 ||     9
Armor: Animal skin       |     7 |       |       |       ||     7
       Leather armour    |     8 |       |       |       ||     8
       Ring mail         |     3 |    72 |   152 |   176 ||   403
       Chain mail        |       |       |       |    55 ||    55
Dodge: Dodged            |    60 |   128 |   178 |   371 ||   737
